 Dungeon Crawl Stone Soup version 0.31-a0-1576-ga3383bade6 (webtiles) character file.

Game seed: 7463524054076126515

9699 Flugslaktarn the Grappler (level 11, -13/110 HPs)
             Began as a Troll Shapeshifter on Jan 4, 2024.
             Was a High Priest of Uskayaw.
             Mangled by a white ugly thing (30 damage)
             ... on level 11 of the Dungeon.
             The game lasted 00:06:03 (7977 turns).

Flugslaktarn the Grappler (Troll Shapeshifter)      Turns: 7977, Time: 00:06:04

Health: -13/110    AC:  7    Str: 28    XL:     11   Next: 26%
Magic:  10/10      EV: 13    Int:  6    God:    Uskayaw [*****.]
Gold:   533        SH:  9    Dex:  9    Spells: 10/10 levels left

rFire   . .          .
                       - Unarmed
rCold   . . .        u - +0 kite shield
rNeg    . . .        k - +0 steam dragon scales
rPois   .            (helmet currently unavailable)
rElec   .            (cloak currently unavailable)
rCorr   .            (gloves unavailable)
SInv    .            (boots unavailable)
Will    +....        (no amulet)
Stlth   +            m - ring of willpower
HPRegen 1.18/turn    v - +5 ring of evasion
MPRegen 0.12/turn

%: no passive effects
@: beast-form
A: beast (slay +4), large, unfitting armour, claws 3, regeneration 1, shaggy fur
1, tough skin 1
a: Begin Untransformation, Renounce Religion, Stomp, Line Pass, Grand Finale


You were on level 11 of the Dungeon.
You worshipped Uskayaw.
Uskayaw was noncommittal.
You were a hulking beast.
You visited 2 branches of the dungeon, and saw 12 of its levels.
You also visited: Sewer.

You collected 533 gold pieces.

Inventory:

Armour
 k - +0 steam dragon scales (worn)
   (You found it on level 6 of the Dungeon)
 u - a +0 kite shield (worn)
   (You found it on level 4 of the Dungeon)
 A - the +2 cloak "Niuck" {Dex+2}
   (You found it on level 6 of the Dungeon)

   Dex+2:     It affects your dexterity (+2).
Jewellery
 f - a ring of protection from fire
   (You found it on level 4 of the Dungeon)
 m - a ring of willpower (left claw)
   (You found it on level 5 of the Dungeon)
 v - a +5 ring of evasion (right claw)
   (You found it on level 3 of the Dungeon)
 J - a ring of positive energy
   (You found it on level 9 of the Dungeon)
Talismans
 c - a beast talisman
 d - a flux talisman
Wands
 g - a wand of digging (5)
   (You found it in a sewer)
 G - a wand of charming (14)
   (You found it on level 8 of the Dungeon)
 I - a wand of iceblast (8)
   (You found it on level 8 of the Dungeon)
Scrolls
 i - a scroll of revelation {unknown}
 j - a scroll of brand weapon
 l - a scroll of fog {unknown}
 n - a scroll of silence {unknown}
 o - 2 scrolls of fear
 p - 5 scrolls of immolation
 s - 2 scrolls of vulnerability
 t - 2 scrolls of teleportation
 x - 2 scrolls of poison {unknown}
 z - a scroll of blinking
 E - 3 scrolls of identify {unknown}
 H - a scroll of torment {unknown}
Potions
 a - a potion of berserk rage {unknown}
 b - a potion of lignification
 e - a potion of ambrosia {unknown}
 h - a potion of enlightenment {unknown}
 r - 3 potions of attraction
 w - a potion of degeneration {unknown}
 y - 5 potions of heal wounds {unknown}
 B - 2 potions of haste {unknown}
 C - 2 potions of brilliance {unknown}
 D - a potion of resistance {unknown}
 F - a potion of cancellation {unknown}


   Skills:
 + Level 7.7 Fighting
 - Level 1.5 Dodging
 + Level 7.3 Shields
 + Level 9.7 Unarmed Combat
 + Level 9.0 Shapeshifting


You had 10 spell levels left.
You didn't know any spells.
Your spell library contained the following spells:

 Spells                   Type           Power      Damage    Failure   Level
 Kiss of Death            Conj/Necr      0%         2d5       65%         1
 Confusing Touch          Hex            0%         N/A       95%         3
 Ozocubu's Armour         Ice            0%         N/A       95%         3
 Dispel Undead            Necr           0%         3d6       100%        4
 Metabolic Englaciation   Hex/Ice        0%         N/A       100%        5
 Sculpt Simulacrum        Ice/Alch       0%         N/A       100%        6


Dungeon Overview and Level Annotations

Branches:
Dungeon (11/15)            Temple (1/1) D:6            Lair (0/5) D:10
    Orc (0/2) D:10          Sewer (visited)

Altars:
Ashenzari
Cheibriados
Dithmenos
Elyvilon
Fedhas
Gozag
Hepliaklqana
Kikubaaqudgha
Makhleb
Nemelex Xobeh
Okawaru
Qazlal
Ru
Sif Muna
Trog
Uskayaw
Vehumet
Wu Jian
Xom
Yredelemnul
Zin
The Shining One
Jiyva

Annotations:
D:7 1 runed translucent door, MrCrawl's ghost, novice DrFE
D:10 3 runed translucent doors, graki42's ghost, journeyman GnCj


Innate Abilities, Weirdness & Mutations

You are a hulking beast.
Your limbs bulge with bestial killing power. (Slay +4)
You are too large for most types of armour.
You have claws for hands.
Your natural rate of healing is unusually fast.
You are covered in fur. (AC +1)
You have tough skin. (AC +1)


Message History

You scratch the two-headed ogre.
The two-headed ogre is lightly wounded.
The two-headed ogre completely misses you.
The two-headed ogre hits you with a +0 giant club!
You claw the two-headed ogre!
The two-headed ogre is moderately wounded.
You mangle the two-headed ogre!!
The two-headed ogre is severely wounded.
The two-headed ogre closely misses you.
The two-headed ogre completely misses you.
You can now pass through a line of other dancers.
You claw the two-headed ogre!
The two-headed ogre is almost dead.
The two-headed ogre hits you with a +0 giant spiked club!!
The two-headed ogre closely misses you.
You mangle the two-headed ogre!!
You kill the two-headed ogre!
Uskayaw will force your foes to helplessly watch your dance.
No target in view!
A gnoll sergeant and a manticore come into view.
The gnoll sergeant shouts!
You hear a howl!
The gnoll sergeant moves out of view.
A boulder beetle comes into view.
Things that are here:
a +0 giant spiked club; a +0 giant club; a two-headed ogre corpse You mangle the manticore!!
The manticore is heavily wounded.
There are monsters nearby!
You barely miss the manticore.
The manticore is heavily wounded.
A wraith comes into view.
A troll comes into view.
The manticore bites you but does no damage.
The manticore claws you but does no damage.
You block the manticore's attack.
You claw the manticore!
The manticore is severely wounded.
The manticore closely misses you. The manticore barely misses you.
The manticore claws you but does no damage.
You scratch the manticore.
The manticore is severely wounded.
The manticore bites you but does no damage.
You block the manticore's attack. x2
Uskayaw will force your foes to share their pain.
Uskayaw links your audience in an emotional bond!
You claw the manticore!
You kill the manticore!
You mangle the boulder beetle!!
The boulder beetle is heavily wounded.
The boulder beetle barely misses you.
You claw the boulder beetle!
The boulder beetle is severely wounded.
The boulder beetle bites you but does no damage.
You can now merge with and destroy a victim.
You mangle the boulder beetle!!
You kill the boulder beetle!
Your Shapeshifting skill increases to level 9!
You mangle the gnoll sergeant!!
The gnoll sergeant is severely wounded.
You block the gnoll sergeant's attack.
You scratch the gnoll sergeant but do no damage.
The gnoll sergeant is severely wounded.
The gnoll sergeant hits you with a +0 trident.
The gnoll sergeant blocks your attack.
The gnoll sergeant is severely wounded.
You block the gnoll sergeant's attack.
You claw the gnoll sergeant!
You kill the gnoll sergeant!
A white ugly thing comes into view.
The white ugly thing gurgles horribly!
The white ugly thing gores you but does no damage.
Items here: ))) [[ ††.
You scratch the white ugly thing but do no damage.
You block the white ugly thing's attack.
The white ugly thing attacks as it pursues you!
The white ugly thing gores you but does no damage.
You scratch the white ugly thing.
The white ugly thing is lightly wounded.
The white ugly thing gores you! The white ugly thing freezes you!!
You claw the white ugly thing!
The white ugly thing is moderately wounded.
You barely miss the white ugly thing.
The white ugly thing is moderately wounded.
The white ugly thing barely misses you.
You barely miss the white ugly thing.
The white ugly thing is moderately wounded.
The white ugly thing gores you! The white ugly thing freezes you!!
You claw the white ugly thing!
The white ugly thing is moderately wounded.
The white ugly thing gores you! The white ugly thing freezes you!!
* * * LOW HITPOINT WARNING * * *
You are too injured to fight recklessly!
You closely miss the white ugly thing.
The white ugly thing is moderately wounded.
The white ugly thing gores you but does no damage.
You claw the white ugly thing!
The white ugly thing is heavily wounded.
The white ugly thing gores you.
* * * LOW HITPOINT WARNING * * *
The white ugly thing freezes you!!
You die...

..# .. ## .. .# ##
.#.# ... ...# ..
###..# #.#T#..#
#{W†#h.#
###############u..#
..................#
####..##########..#
##.# #.## #.# ..#
#.###### .##
#####......##..#
..............#


You could see a white ugly thing.

Vanquished Creatures
  2 two-headed ogres (D:11)
  A boulder beetle (D:11)
  Urug (D:10)
  A manticore (D:11)
  A cyclops (D:11)
  The ghost of graki42 the Thaumaturge, a novice DECj of Vehumet (D:5)
  An unseen horror (D:10)
  3 hornets
  A troll (D:11)
  A wraith (D:7)
  A wyvern (D:7)
  3 steam dragons
  A warg (D:6)
  Edmund (D:6)
  6 water moccasins
  5 orc warriors
  A sky beast (D:6)
  3 centaurs (D:10)
  2 phantoms
  A kobold brigand (D:8)
  7 bullfrogs
  3 gnoll sergeants
  2 scorpions (D:5)
  10 wights
  7 killer bees (D:9)
  3 howler monkeys
  4 bombardier beetles
  5 orc priests
  A hound (D:6)
  Jessica (D:2)
  3 iguanas (D:6)
  Terence (D:2)
  11 orc wizards
  7 gnolls
  9 adders
  3 white imps
  6 dart slugs
  4 ribbon worms
  43 orcs
  10 bats
  4 endoplasms
  7 giant cockroaches
  11 hobgoblins
  7 jackals (D:1)
  11 kobolds
  3 quokkas
  11 ball pythons
  12 frilled lizards
  6 goblins
  8 rats
257 creatures vanquished.

Notes
Turn   | Place    | Note
-------+----------+-------------------------------------------
     0 | D:1      | Flugslaktarn the Troll Shapeshifter began the quest for the
                  | Orb.
     0 | D:1      | Reached XP level 1. HP: 18/18 MP: 0/0
    38 | D:1      | Reached skill level 1 in Fighting
    61 | D:1      | Reached XP level 2. HP: 27/27 MP: 1/1
   265 | D:1      | Reached XP level 3. HP: 32/33 MP: 2/2
   700 | D:2      | Noticed Terence
   714 | D:2      | Killed Terence
   794 | D:2      | Reached XP level 4. HP: 42/42 MP: 3/3
   904 | D:2      | Noticed Jessica
   909 | D:2      | Killed Jessica
   957 | D:2      | You fall into a shaft and drop 1 floor!
  1242 | D:3      | Reached XP level 5. HP: 46/47 MP: 4/4
  1787 | D:4      | Noticed a phantom
  1798 | D:4      | Killed a phantom
  1799 | D:4      | Reached XP level 6. HP: 52/61 MP: 5/5
  2184 | D:4      | Found a glowing drain.
  2200 | Sewer    | Entered a sewer
  2389 | Sewer    | Reached skill level 5 in Unarmed Combat
  2672 | D:5      | Entered Level 5 of the Dungeon
  2800 | D:5      | Reached XP level 7. HP: 67/67 MP: 6/6
  2857 | D:5      | Reached skill level 5 in Shapeshifting
  2911 | D:5      | Reached skill level 1 in Shields
  3389 | D:5      | Found an ornate altar of the Wu Jian Council.
  3441 | D:5      | Identified the +3 spear of Fadgh {freeze, rElec Str+3
                  | Dex+3}
  3570 | D:6      | Reached XP level 8. HP: 35/78 MP: 7/7
  3700 | D:6      | Found a staircase to the Ecumenical Temple.
  3731 | D:6      | Found a runed translucent gate.
  3731 | D:6      | Noticed graki42's ghost (novice DECj)
  3732 | D:6      | Found a runed translucent gate.
  3740 | D:6      | Identified the +5 chain mail of the Amoeba {rN+ Will-
                  | Int+4}
  3766 | Temple   | Entered the Ecumenical Temple
  3788 | D:6      | Found a runed translucent gate.
  3793 | D:6      | Identified the +3 morningstar of the Growing Genius {flame,
                  | *Corrode rC+ rN+ Int+3}
  4093 | D:6      | Noticed Edmund
  4105 | D:6      | Killed Edmund
  4205 | D:6      | Found a stormy altar of Qazlal.
  4206 | D:6      | Found a shimmering altar of Xom.
  4210 | D:6      | Reached skill level 5 in Fighting
  4336 | D:6      | Found a sacrificial altar of Ru.
  4496 | D:5      | Killed graki42's ghost
  4497 | D:5      | Reached XP level 9. HP: 51/88 MP: 8/8
  4589 | D:6      | Identified the +2 cloak "Niuck" {Dex+2}
  4678 | D:7      | Found a runed translucent door.
  4679 | D:7      | Noticed MrCrawl's ghost (novice DrFE)
  4806 | D:7      | Paralysed by a hornet for 3 turns
  4845 | D:7      | Reached skill level 5 in Shields
  5335 | D:8      | Reached XP level 10. HP: 98/98 MP: 9/9
  5353 | D:8      | Found a glowing silver altar of Zin.
  7047 | D:10     | Entered Level 10 of the Dungeon
  7075 | D:10     | Paralysed by a hornet for 1 turns
  7095 | D:10     | Found a glowing golden altar of the Shining One.
  7110 | D:10     | Found a shimmering blue altar of Sif Muna.
  7112 | D:10     | Found a staircase to the Lair.
  7141 | D:10     | Found a staircase to the Orcish Mines.
  7189 | D:10     | Found a runed translucent gate.
  7190 | D:10     | Found a runed translucent gate.
  7191 | D:10     | Found a runed translucent gate.
  7240 | D:10     | Noticed Urug
  7255 | D:10     | Killed Urug
  7315 | D:10     | Found a shadowy altar of Dithmenos.
  7331 | D:10     | Found a sparkling altar of Nemelex Xobeh.
  7341 | D:10     | Found an opulent altar of Gozag.
  7558 | D:10     | Identified the +1 pair of boots of Incorporation {Rampage}
  7571 | D:10     | Found a snail-covered altar of Cheibriados.
  7576 | D:10     | Found a hazy altar of Hepliaklqana.
  7576 | D:10     | Found an iron altar of Okawaru.
  7587 | D:10     | Found a radiant altar of Vehumet.
  7590 | D:10     | Found a hide-covered altar of Uskayaw.
  7650 | D:10     | Found a viscous altar of Jiyva.
  7650 | D:10     | Noticed a great orb of eyes
  7650 | D:10     | Noticed graki42's ghost (journeyman GnCj)
  7688 | D:10     | Became a worshipper of Uskayaw the Reveller
  7757 | D:11     | Noticed a cyclops
  7765 | D:11     | Reached * piety under Uskayaw
  7767 | D:11     | Reached ** piety under Uskayaw
  7769 | D:11     | Killed a cyclops
  7769 | D:11     | Reached *** piety under Uskayaw
  7807 | D:11     | Noticed a two-headed ogre
  7819 | D:11     | Killed a two-headed ogre
  7820 | D:11     | Reached XP level 11. HP: 22/109 MP: 10/10
  7948 | D:11     | Noticed a two-headed ogre
  7953 | D:11     | Killed a two-headed ogre
  7955 | D:11     | Noticed a boulder beetle
  7958 | D:11     | Reached **** piety under Uskayaw
  7962 | D:11     | Reached ***** piety under Uskayaw
  7963 | D:11     | Killed a boulder beetle
  7968 | D:11     | Noticed a white ugly thing
  7977 | D:11     | Mangled by a white ugly thing

Illustrated notes

Levels and vault maps discovered:
D:1:      ldierk_walled_garden_2, layout_loops_ring, minivault_24
D:2:      layout_rooms, minmay_misc_feat_encased, uniq_terence, uniq_jessica
D:3:      corexii_shack_village, layout_rooms
D:4:      layout_cave_pods, cheibrodos_sewer_entry_bend
D:5:      layout_basic, nzn_wu_jian_contemplation, supply_closet_lemuel
D:6:      layout_rooms, lemuel_tele_altar, grunt_temple_overflow_open,
          minmay_temple_entry_enclosed_plants, biasface_ghost_orc_armoury,
          serial_curves, eino_curves_02, eino_curves_04, eino_curves_01,
          eino_curves_01, wad_rectangle_vault, uniq_edmund
D:7:      layout_rooms, gammafunk_ghost_grave
D:8:      layout_basic, old_standard_altar
D:9:      layout_gridville, st_stairs_4
D:10:     layout_cave_pools, grunt_temple_overflow_opulence,
          nicolae_sif_muna_condensation, tso_metal_star,
          minmay_overflow_temple_star_hex, mainiacjoe_overflow_catwalk,
          gammafunk_ghost_ooze, uniq_urug
D:11:     minmay_the_grid_triangle_9x9_line_8_mashed
          [minmay_the_grid_triangle_9x9_alien,
          minmay_the_grid_triangle_9x9_fully_insulated_deathbox,
          minmay_the_grid_triangle_9x9_thin_v,
          minmay_the_grid_triangle_9x9_steps,
          minmay_the_grid_triangle_9x9_sprig,
          minmay_the_grid_triangle_9x9_longest,
          minmay_the_grid_triangle_9x9_sparse_checkered,
          minmay_the_grid_triangle_9x9_prize_center], layout_basic,
          gammafunk_ghost_grave
Temple:   hellmonk_temple_two_chambers

Skill      XL: |  1  2  3  4  5  6  7  8  9 10 11 |
---------------+----------------------------------+-----
Fighting       | 1 2 3 4 5 6 7 |  7.7
Unarmed Combat | 4 5 7 8 9 |  9.7
Shapeshifting  | 4 5 6 7 8 9 |  9.0
Shields        | 2 4 5 7 |  7.3
Dodging        | |  1.5

Action                     |  1- 3 |  4- 6 |  7- 9 | 10-12 || total
---------------------------+-------+-------+-------+-------++-------
  Melee: Unarmed           |    69 |   185 |   265 |   234 ||   753
         Punch             |     1 |     2 |       |       ||     3
    Use: Scroll            |       |       |     7 |       ||     7
         Potion            |       |       |     5 |     3 ||     8
   Stab: Sleeping          |     1 |       |       |       ||     1
         Paralysed         |       |       |       |     1 ||     1
 Armour: Animal skin       |    39 |   101 |    60 |       ||   200
         Steam dragon scal |       |       |    95 |   182 ||   277
         Skin              |       |       |     1 |    29 ||    30
  Dodge: Dodged            |    40 |   121 |   102 |   122 ||   385
  Block: Kite shield       |       |       |    90 |   134 ||   224

Table legend: (Time is in decaauts)
 A = Elapsed time spent in this place.
 B = Non-inter-level travel time spent in this place.
 C = Inter-level travel time spent in this place.
 D = Time resting spent in this place.
 E = Time spent auto-exploring this place.
 F = Levels seen in this place.
 G = Mean time per level.
                   A        B        C        D        E       F      G
               +--------+--------+--------+--------+--------+-----+--------+
         Total |   7954 |   7461 |    493 |    403 |   5332 |  13 |  611.8 |
       Dungeon |   7515 |   7024 |    491 |    403 |   5127 |  11 |  683.2 |
        Temple |      6 |      5 |      1 |      0 |      0 |   1 |    6.0 |
         Sewer |    432 |    432 |      0 |      0 |    205 |   1 |  432.0 |
               +--------+--------+--------+--------+--------+-----+--------+

Top non-repeatable levels by time:
     D:6: 1060 daAuts
     D:9: 1014 daAuts
     D:4: 912 daAuts
     D:5: 809 daAuts
     D:8: 739 daAuts
    D:10: 696 daAuts
     D:7: 647 daAuts
     D:1: 641 daAuts
     D:3: 456 daAuts
   Sewer: 432 daAuts
     D:2: 309 daAuts
    D:11: 228 daAuts
  Temple: 6 daAuts
